3L
MONTANA PANDAS @ TOLEDO STINGERS
05/18/2042
 
TOP OF THE 1ST
Montana Pandas batting - Pitching for Toledo Stingers : LHP An Jang-Yop
Pitching: LHP An Jang-Yop
Batting: RHB Eikki Kankaanperä 0-0: Ground out 6-3 (Groundball, 56D, EV 81.9 MPH)
Batting: RHB Nick Boyd 0-0: Ground out 4-3 (Groundball, 4, EV 81.2 MPH)
Batting: RHB Mauro Jasso 0-0: Ball
1-0: Ground out 5-3 (Groundball, 56S, EV 84.4 MPH)
Top of the 1st over - 0 runs, 0 hits, 0 errors, 0 left on base; Montana 0 - Toledo 0
BOTTOM OF THE 1ST
Toledo Stingers batting - Pitching for Montana Pandas : LHP Pavle Simic
Pitching: LHP Pavle Simic
Batting: RHB Brook Linen 0-0: Ball
1-0: Called Strike
1-1: Fly out, F7 (Flyball, 7D, EV 103.1 MPH)
Batting: RHB Jesús Morán 0-0: Ball
1-0: Ball
2-0: SOLO HOME RUN (Line Drive, 78XD, EV 111.9 MPH), Distance : 443 ft
Batting: RHB Baldomero Avino 0-0: Called Strike
0-1: Ball
1-1: Ball
2-1: Called Strike
2-2: Foul Ball, location: 2F
2-2: Foul Ball, location: 2F
2-2: Foul Ball, location: 2F
2-2: Ball
3-2: Strikes out swinging
Batting: LHB Lester Threlfall 0-0: Called Strike
0-1: Ball
1-1: Ball
2-1: Ball
3-1: Fly out, F4 (Line Drive, 4, EV 71.9 MPH)
Bottom of the 1st over - 1 run, 1 hit, 0 errors, 0 left on base; Montana 0 - Toledo 1
TOP OF THE 2ND
Montana Pandas batting - Pitching for Toledo Stingers : LHP An Jang-Yop
Batting: RHB Jon Moon 0-0: Ball
1-0: Called Strike
1-1: Swinging Strike
1-2: Ball
2-2: Strikes out swinging
Batting: LHB Gene Ricks 0-0: Ball
1-0: SINGLE (Line Drive, 8LS, EV 102.5 MPH)
Batting: RHB Edgar Baeza 0-0: Foul Ball, location: 2F
0-1: Ball
1-1: Ball
Wild Pitch!
Gene Ricks to second
2-1: Swinging Strike
2-2: Foul Ball, location: 2F
2-2: Fly out, F9 (Flyball, 9, EV 88.8 MPH)
Batting: RHB Jesse Winters 0-0: Ball
1-0: Swinging Strike
1-1: Ground out 6-3 (Groundball, 6S, EV 69.4 MPH)
Top of the 2nd over - 0 runs, 1 hit, 0 errors, 1 left on base; Montana 0 - Toledo 1
BOTTOM OF THE 2ND
Toledo Stingers batting - Pitching for Montana Pandas : LHP Pavle Simic
Batting: RHB David Alcabú 0-0: Fly out, F8 (Flyball, 89S, EV 88.1 MPH)
Batting: LHB Pedro Serano 0-0: Ball
1-0: Called Strike
1-1: Called Strike
1-2: Strikes out swinging
Batting: RHB Anselmo Berneu 0-0: Ball
1-0: Ball
2-0: Foul Ball, location: 2F
2-1: Foul Ball, location: 2F
2-2: Ground out 6-3 (Groundball, 6, EV 81.9 MPH)
Bottom of the 2nd over - 0 runs, 0 hits, 0 errors, 0 left on base; Montana 0 - Toledo 1
TOP OF THE 3RD
Montana Pandas batting - Pitching for Toledo Stingers : LHP An Jang-Yop
Batting: SHB Noel Lancaster 0-0: Called Strike
0-1: Swinging Strike
0-2: Foul Ball, location: 2F
0-2: Strikes out swinging
Batting: RHB Blythe Plumpley 0-0: Ball
1-0: Foul Ball, location: 2F
1-1: Fly out, F8 (Flyball, 8LD, EV 98.1 MPH)
Batting: RHB Eikki Kankaanperä 0-0: Ground out 6-3 (Groundball, 6, EV 90.6 MPH)
Top of the 3rd over - 0 runs, 0 hits, 0 errors, 0 left on base; Montana 0 - Toledo 1
BOTTOM OF THE 3RD
Toledo Stingers batting - Pitching for Montana Pandas : LHP Pavle Simic
Batting: LHB Grover Barbaran 0-0: Ball
1-0: Foul Ball, location: 2F
1-1: Foul Ball, location: 2F
1-2: Ball
2-2: Ground out 1-3 (Groundball, 23, EV 85.0 MPH)
Batting: LHB Snow Wang 0-0: Ground out 4-3 (Groundball, 4S, EV 83.8 MPH)
Batting: RHB Brook Linen 0-0: Ball
1-0: Called Strike
1-1: Foul Ball, location: 2F
1-2: DOUBLE (Line Drive, 78D, EV 108.8 MPH)
Batting: RHB Jesús Morán 0-0: Ball
1-0: Foul Ball, location: 2F
1-1: Ball
2-1: Ball
3-1: Base on Balls
Batting: RHB Baldomero Avino 0-0: Called Strike
0-1: Ball
1-1: Ball
2-1: Foul Ball, location: 2F
2-2: Fielders Choice at 2nd, 6-4 (Groundball, 56, EV 95.6 MPH)
Bottom of the 3rd over - 0 runs, 1 hit, 0 errors, 2 left on base; Montana 0 - Toledo 1
TOP OF THE 4TH
Montana Pandas batting - Pitching for Toledo Stingers : LHP An Jang-Yop
Batting: RHB Nick Boyd 0-0: Foul Ball, location: 2F
0-1: Called Strike
0-2: Ball
1-2: Strikes out swinging
Batting: RHB Mauro Jasso 0-0: Ground out 1-3 (Groundball, P, EV 71.9 MPH)
Batting: RHB Jon Moon 0-0: Swinging Strike
0-1: Ball
1-1: Foul Ball, location: 2F
1-2: Ball
2-2: Fly out, F8 (Line Drive, 8LM, EV 93.8 MPH)
Top of the 4th over - 0 runs, 0 hits, 0 errors, 0 left on base; Montana 0 - Toledo 1
BOTTOM OF THE 4TH
Toledo Stingers batting - Pitching for Montana Pandas : LHP Pavle Simic
Batting: LHB Lester Threlfall 0-0: Called Strike
0-1: Ball
1-1: Foul Ball, location: 2F
1-2: Ball
2-2: Foul Ball, location: 2F
2-2: Ball
3-2: Ground out 4-3 (Groundball, 4M, EV 96.9 MPH)
Batting: RHB David Alcabú 0-0: Called Strike
0-1: Foul Ball, location: 2F
0-2: Ball
1-2: Strikes out swinging
Batting: LHB Pedro Serano 0-0: Ball
1-0: Ground out 3-1 (Groundball, 34, EV 86.9 MPH)
Bottom of the 4th over - 0 runs, 0 hits, 0 errors, 0 left on base; Montana 0 - Toledo 1
TOP OF THE 5TH
Montana Pandas batting - Pitching for Toledo Stingers : LHP An Jang-Yop
Batting: LHB Gene Ricks 0-0: Swinging Strike
0-1: Foul Ball, location: 2F
0-2: SOLO HOME RUN (Flyball, 9D, EV 105.6 MPH), Distance : 374 ft
Batting: RHB Edgar Baeza 0-0: Called Strike
0-1: Ball
1-1: Foul Ball, location: 2F
1-2: Ball
2-2: Foul Ball, location: 2F
2-2: Foul Ball, location: 2F
2-2: Fly out, F8 (Flyball, 8LD, EV 104.4 MPH)
Batting: RHB Jesse Winters 0-0: Called Strike
0-1: Called Strike
0-2: Ball
1-2: Ground out 6-3 (Groundball, 6D, EV 103.1 MPH)
Batting: SHB Noel Lancaster 0-0: Ball
1-0: Foul Ball, location: 2F
1-1: Swinging Strike
1-2: Strikes out swinging
Top of the 5th over - 1 run, 1 hit, 0 errors, 0 left on base; Montana 1 - Toledo 1
BOTTOM OF THE 5TH
Toledo Stingers batting - Pitching for Montana Pandas : LHP Pavle Simic
Batting: RHB Anselmo Berneu 0-0: Ball
1-0: Foul Ball, location: 2F
1-1: Foul Ball, location: 2F
1-2: Strikes out looking
Batting: LHB Grover Barbaran 0-0: Called Strike
0-1: Foul Ball, location: 2F
0-2: Fly out, F8 (Line Drive, 8LM, EV 103.1 MPH)
Batting: LHB Snow Wang 0-0: Ball
1-0: Foul Ball, location: 2F
1-1: Foul Ball, location: 2F
1-2: SINGLE (Line Drive, 34, EV 98.1 MPH)
Batting: RHB Brook Linen 0-0: Fielders Choice at 2nd, 6-4 (Groundball, 6, EV 100.6 MPH)
Bottom of the 5th over - 0 runs, 1 hit, 0 errors, 1 left on base; Montana 1 - Toledo 1
TOP OF THE 6TH
Montana Pandas batting - Pitching for Toledo Stingers : LHP An Jang-Yop
Batting: RHB Blythe Plumpley 0-0: Ball
1-0: Called Strike
1-1: SINGLE (Groundball, 6D, EV 97.5 MPH)
Batting: RHB Eikki Kankaanperä 0-0: Ball
1-0: Ball
2-0: Called Strike
2-1: Foul Ball, location: 2F
2-2: SINGLE (Flyball, 8RS, EV 93.1 MPH)
Blythe Plumpley to second
Batting: RHB Nick Boyd 0-0: Called Strike
0-1: Swinging Strike
0-2: Ball
1-2: Strikes out swinging
Batting: RHB Mauro Jasso 0-0: Called Strike
0-1: Ball
1-1: Foul Ball, location: 2F
1-2: Foul Ball, location: 2F
1-2: Foul Ball, location: 2F
1-2: Foul Ball, location: 2F
1-2: Ball
2-2: Fielders Choice at 2nd, 5-4 (Groundball, 56, EV 88.8 MPH)
Blythe Plumpley to third
Batting: RHB Jon Moon 0-0: Fielders Choice at 2nd, 6-4 (Groundball, 6, EV 105.0 MPH)
Top of the 6th over - 0 runs, 2 hits, 0 errors, 2 left on base; Montana 1 - Toledo 1
BOTTOM OF THE 6TH
Toledo Stingers batting - Pitching for Montana Pandas : LHP Pavle Simic
Batting: RHB Jesús Morán 0-0: Ground out 6-3 (Groundball, 6, EV 83.8 MPH)
Batting: RHB Baldomero Avino 0-0: Called Strike
0-1: Ball
1-1: Ball
2-1: Ball
3-1: Ground out 6-3 (Groundball, 6, EV 104.4 MPH)
Batting: LHB Lester Threlfall 0-0: DOUBLE (Line Drive, 3D, EV 105.6 MPH) - OUT at third base trying to stretch hit.
Bottom of the 6th over - 0 runs, 1 hit, 0 errors, 0 left on base; Montana 1 - Toledo 1
TOP OF THE 7TH
Montana Pandas batting - Pitching for Toledo Stingers : LHP An Jang-Yop
Batting: LHB Gene Ricks 0-0: Ball
1-0: Ball
2-0: SINGLE (Line Drive, 6D, EV 96.2 MPH)
Batting: RHB Edgar Baeza 0-0: Fly out, F8 (Flyball, 8RD, EV 82.5 MPH)
Batting: RHB Jesse Winters 0-0: Ball
1-0: Called Strike
Gene Ricks is caught stealing 2nd base 2-4
1-1: Ball
2-1: Swinging Strike
2-2: Strikes out swinging
Top of the 7th over - 0 runs, 1 hit, 0 errors, 0 left on base; Montana 1 - Toledo 1
BOTTOM OF THE 7TH
Toledo Stingers batting - Pitching for Montana Pandas : LHP Pavle Simic
Pitching: RHP Scott Colorado
Batting: RHB David Alcabú 0-0: Ball
1-0: Ball
2-0: Ball
3-0: Called Strike
3-1: Base on Balls
Batting: LHB Pedro Serano 0-0: SINGLE (Line Drive, 8RS, EV 109.4 MPH)
David Alcabú to second
Batting: RHB Anselmo Berneu 0-0: Foul Ball, location: 2F
0-1: Foul Ball, location: 2F
0-2: Ball
1-2: Ball
2-2: Ball
3-2: Foul Ball, location: 2F
3-2: Fly out, F7 (Flyball, 7S, EV 85.0 MPH)
Batting: LHB Grover Barbaran 0-0: Ball
1-0: Ball
2-0: Swinging Strike
2-1: Called Strike
2-2: Grounds into double play, 3-6-3 (Groundball, 3S, EV 88.8 MPH)
Bottom of the 7th over - 0 runs, 1 hit, 0 errors, 1 left on base; Montana 1 - Toledo 1
TOP OF THE 8TH
Montana Pandas batting - Pitching for Toledo Stingers : LHP An Jang-Yop
Batting: SHB Noel Lancaster 0-0: Swinging Strike
0-1: Ball
1-1: Ball
2-1: Ball
3-1: Ground out 5-3 (Groundball, 56S, EV 61.2 MPH)
Batting: RHB Blythe Plumpley 0-0: Fly out, F8 (Line Drive, 8LM, EV 93.8 MPH)
Batting: RHB Eikki Kankaanperä 0-0: Ball
1-0: Ground out 5-3 (Groundball, 56S, EV 90.0 MPH)
Top of the 8th over - 0 runs, 0 hits, 0 errors, 0 left on base; Montana 1 - Toledo 1
BOTTOM OF THE 8TH
Toledo Stingers batting - Pitching for Montana Pandas : RHP Scott Colorado
Batting: LHB Snow Wang 0-0: Ball
1-0: Ball
2-0: Ball
3-0: Base on Balls
Batting: RHB Brook Linen 0-0: Called Strike
0-1: SINGLE (Groundball, 4MD, EV 103.8 MPH)
Snow Wang to second
Runner from 2nd tries for 3rd, SAFE, no throw by CF
Pitching: RHP Ieyoshi Asai
Batting: RHB Jesús Morán 0-0: Ball
1-0: Foul Ball, location: 2F
1-1: Foul Ball, location: 2F
1-2: Ball
2-2: Ball
Brook Linen steals 2nd base (no throw)
3-2: Foul Ball, location: 2F
3-2: Foul Ball, location: 2F
3-2: Ground out 6-3 (Groundball, 6, EV 83.1 MPH)
Batting: RHB Baldomero Avino 0-0: Ball
1-0: Foul Ball, location: 2F
1-1: Ball
2-1: Ball
3-1: Called Strike
3-2: SINGLE (Line Drive, 8LS, EV 102.5 MPH)
Snow Wang scores
Brook Linen to third
Runner from 3rd tries for Home, SAFE, no throw by CF
Batting: LHB Lester Threlfall 0-0: Called Strike
0-1: Ball
1-1: Ball
2-1: Foul Ball, location: 2F
2-2: Fielders Choice at 2nd, 5-4 (Groundball, 56, EV 86.2 MPH)
Batting: RHB David Alcabú 0-0: Fly out, F7 (Flyball, 7S, EV 77.5 MPH)
Bottom of the 8th over - 2 runs, 2 hits, 0 errors, 1 left on base; Montana 1 - Toledo 3
TOP OF THE 9TH
Montana Pandas batting - Pitching for Toledo Stingers : LHP An Jang-Yop
Batting: RHB Nick Boyd 0-0: Called Strike
0-1: Called Strike
0-2: Fly out, F8 (Flyball, 8RS, EV 91.9 MPH)
Pitching: RHP Yoriyoshi Sugimoto
Batting: RHB Mauro Jasso 0-0: Ground out 4-3 (Groundball, 4S, EV 64.4 MPH)
Batting: RHB Jon Moon 0-0: Called Strike
0-1: Called Strike
0-2: Ball
1-2: Foul Ball, location: 2F
1-2: Fly out, F3 (Popup, 3, EV 71.9 MPH)
Top of the 9th over - 0 runs, 0 hits, 0 errors, 0 left on base; Montana 1 - Toledo 3
Friday, March 26th, 2021 - OOTP Baseball 20.8 Build 74